 Dungeon Crawl Stone Soup version 0.29-a0-303-ge4682ce883 (webtiles) character file.

Game seed: 2384672570653824395

87 kae the Gusty (level 4, -2/25 HPs)
             Began as a Tengu Air Elementalist on Mar 25, 2022.
             Slain by Natasha (5 damage)
             ... on level 3 of the Dungeon.
             The game lasted 00:01:18 (2723 turns).

kae the Gusty (Tengu Air Elementalist)              Turns: 2723, Time: 00:01:18

Health: -2/25      AC:  2    Str:  8    XL:     4   Next: 51%
Magic:  4/8        EV: 12    Int: 18    God:
Gold:   51         SH:  0    Dex: 14    Spells: 4/7 levels left

rFire   . . .      SeeInvis .   (no weapon)
rCold   . . .      Faith    .   (no shield)
rNeg    . . .      Spirit   .   a - +0 robe
rPois   .          Reflect  .   (helmet restricted)
rElec   .          Harm     .   (no cloak)
rCorr   .          Rampage  .   (no gloves)
Will    .....                   (boots unavailable)
Stlth   ++........              (no amulet)
HPRegen 0.08/turn               (no ring)
MPRegen 0.11/turn               (no ring)

@: no status effects
A: beak, talons 3
a: no special abilities


You were on level 3 of the Dungeon.
You visited 1 branch of the dungeon, and saw 3 of its levels.

You collected 51 gold pieces.

Inventory:

Armour
 a - a +0 robe (worn)
Jewellery
 h - a ring of magical power
Scrolls
 c - 2 scrolls of identify {unknown}
 d - 3 scrolls of teleportation {unknown}
 f - a scroll of holy word {unknown}
 i - a scroll of brand weapon {unknown}
 j - a scroll of torment {unknown}
Potions
 b - a potion of magic
 e - a potion of might {unknown}
 g - 2 potions of attraction {unknown}


   Skills:
 + Level 1.3 Fighting
 + Level 1.2 Armour
 + Level 2.7 Dodging
 - Level 2.0 Stealth
 + Level 2.4 Spellcasting
 + Level 2.2 Conjurations
 * Level 5.1 Air Magic


You had 4 spell levels left.
You knew the following spells:

 Your Spells              Type           Power      Damage    Failure   Level
a - Shock                 Conj/Air       60%        1d6       3%          1
b - Static Discharge      Conj/Air       15%        N/A       6%          2

Your spell library contained the following spells:

 Spells                   Type           Power      Damage    Failure   Level
 Swiftness                Air            20%        N/A       6%          3
 Airstrike                Air            10%        N/A       22%         4
 Dazzling Flash           Conj/Hex       12%        N/A       32%         3
 Iskenderun's Mystic Bla  Conj/Tloc      6%         2d4       73%         4
 Starburst                Conj/Fire      3%         6d3       100%        6


Dungeon Overview and Level Annotations

Branches:
Dungeon (3/15)

Altars:

Annotations:
D:3 Natasha, Robin, Terence


Innate Abilities, Weirdness & Mutations

You have a beak for a mouth.
You have claws for feet.


Message History

The ball python closely misses you. The ball python constricts you.
There is a stone staircase leading up here.
You escape the ball python's grasp.
You climb upwards.
There is a stone staircase leading down here.
Casting: Shock (safe; 3% risk of failure)
Confirm with . or Enter, or press ? or * to list all spells.
The ball python is struck by an arc of lightning.
You kill the ball python!
You are struck by an arc of lightning.
The lightning grounds out.
Casting: Static Discharge (safe; 6% risk of failure)
Confirm with . or Enter, or press ? or * to list all spells.
You can't see any susceptible monsters within range! (Use Z to cast anyway.)
Casting: Static Discharge (safe; 6% risk of failure)
Confirm with . or Enter, or press ? or * to list all spells.
You can't see any susceptible monsters within range! (Use Z to cast anyway.)
You start resting.
HP restored.
Magic restored.
You climb downwards.
Level annotation: Natasha, Robin, Terence Natasha claws you!
There is a stone staircase leading up here.
Casting: Static Discharge (safe; 6% risk of failure)
Confirm with . or Enter, or press ? or * to list all spells.
Natasha is struck by an arc of lightning.
Natasha is moderately wounded.
You are struck by an arc of lightning.
The lightning grounds out.
Natasha extends her claws.
Natasha claws you. Natasha claws you!
* * * LOW HITPOINT WARNING * * *
Casting: Static Discharge (safe; 6% risk of failure)
Confirm with . or Enter, or press ? or * to list all spells.
Natasha is struck by an arc of lightning.
Natasha is heavily wounded.
You are struck by an arc of lightning.
* * * LOW HITPOINT WARNING * * *
The lightning grounds out.
Natasha claws you.
You die...

## #.
#?##.######.#
#...h@)......
#......[$..#.
#.##.#####.#
.. #. . ..
##. #. #.


You could see Natasha.

Vanquished Creatures
  Natasha (D:3)
  An adder (D:3)
  A worm (D:2)
  A dart slug (D:2)
  6 endoplasms
  2 giant cockroaches
  8 goblins
  4 hobgoblins
  3 kobolds (D:1)
  A quokka (D:2)
  4 ball pythons
  9 bats
  3 frilled lizards
  3 rats
47 creatures vanquished.

Notes
Turn   | Place    | Note
-------+----------+-------------------------------------------
     0 | D:1      | kae the Tengu Air Elementalist began the quest for the Orb.
     0 | D:1      | Reached XP level 1. HP: 10/10 MP: 4/4
   110 | D:1      | Found a faded altar of an unknown god.
   445 | D:1      | Reached XP level 2. HP: 16/16 MP: 4/6
   449 | D:1      | Learned a level 2 spell: Static Discharge
  1346 | D:2      | Reached XP level 3. HP: 20/20 MP: 4/7
  1651 | D:2      | Reached skill level 1 in Fighting
  2248 | D:3      | Noticed Robin
  2348 | D:3      | Noticed Natasha
  2351 | D:3      | Killed Natasha
  2352 | D:3      | Reached skill level 1 in Armour
  2352 | D:3      | Reached skill level 5 in Air Magic
  2352 | D:3      | Reached XP level 4. HP: 25/25 MP: 4/8
  2399 | D:3      | Noticed an ogre
  2476 | D:3      | Noticed Terence
  2624 | D:3      | Noticed Natasha
  2723 | D:3      | Slain by Natasha

Illustrated notes

Levels and vault maps discovered:
D:1:      dpeg_arrival_arbitrary_b, layout_basic,
          hellmonk_ecumenical_altar_blasted
D:2:      layout_loops_ring
D:3:      layout_loops_ring, supply_closet_lemuel, uniq_terence, uniq_robin,
          uniq_grinder, uniq_natasha

Skill      XL: |  1  2  3 |
---------------+----------+-----
Conjurations   | 2 |  2.2
Fighting       | 1 |  1.3
Armour         | 1 |  1.2
Air Magic      | 5 |  5.1
Dodging        | |  2.7
Stealth        | |  2.0
Spellcasting   | |  2.4

Action                   |  1- 3 |  4- 6 || total
-------------------------+-------+-------++-------
Melee: Unarmed           |     5 |       ||     5
       Kick              |     3 |       ||     3
 Cast: Shock             |    75 |     9 ||    84
       Static Discharge  |       |     3 ||     3
Armor: Robe              |     4 |     1 ||     5
Dodge: Dodged            |     9 |     6 ||    15

Table legend: (Time is in decaauts)
 A = Elapsed time spent in this place.
 B = Non-inter-level travel time spent in this place.
 C = Inter-level travel time spent in this place.
 D = Time resting spent in this place.
 E = Time spent auto-exploring this place.
 F = Levels seen in this place.
 G = Mean time per level.
                   A        B        C        D        E       F      G
               +--------+--------+--------+--------+--------+-----+--------+
         Total |   2736 |   2516 |    220 |    114 |   2149 |   3 |  912.0 |
       Dungeon |   2736 |   2516 |    220 |    114 |   2149 |   3 |  912.0 |
               +--------+--------+--------+--------+--------+-----+--------+

Top non-repeatable levels by time:
     D:2: 1269 daAuts
     D:1: 1256 daAuts
     D:3: 210 daAuts
